 Dungeon Crawl Stone Soup version 0.31.0-32-g396128a36d (webtiles) character file.

Game seed: 6130115691585322220

10542 mainiacjoe the Skirmisher (level 11, -2/63 HPs)
             Began as an Octopode Hexslinger on Apr 1, 2024.
             Was a Priest of Fedhas.
             Slain by a blink frog (16 damage)
             ... on level 1 of the Lair of Beasts.
             The game lasted 00:35:03 (8192 turns).

mainiacjoe the Skirmisher (Octopode Hexslinger)     Turns: 8192, Time: 00:35:05

Health: -2/63      AC:  5    Str: 14    XL:     11   Next: 63%
Magic:  17/17      EV: 13    Int: 20    God:    Fedhas [***...]
Gold:   399        SH:  7    Dex: 14    Spells: 4/14 levels left

rFire   . . .        b - +4 falchion (elec)
rCold   . . .        o - +2 buckler
rNeg    . . .        (helmet restricted)
rPois   .            x - amulet of regeneration
rElec   .            g - +6 ring of strength
rCorr   +            h - ring of willpower
SInv    .            l - ring of resist corrosion
Will    +....        m - +4 ring of protection
Stlth   ++           p - ring of flight
HPRegen 1.10/turn    r - +4 ring of slaying
MPRegen 0.15/turn    (no ring)
                     (no ring)

%: no passive effects
@: flying, studying 2 skills
A: almost no armour, amphibious, 8 rings, camouflage 1, gelatinous body 1,
(nimble swimmer 1), tentacles
a: Renounce Religion, Wall of Briars, Grow Ballistomycete


You were on level 1 of the Lair of Beasts.
You worshipped Fedhas.
Fedhas was most pleased with you.
You visited 3 branches of the dungeon, and saw 12 of its levels.

You collected 655 gold pieces.
You spent 256 gold pieces at shops.

Inventory:

Hand Weapons
 a - the +12 hand cannon of the Ghost {elec, rCorr}
   (You acquired it on level 9 of the Dungeon)

   rCorr:     It protects you from acid and corrosion.
 b - a +4 falchion of electrocution (weapon)
 u - a +0 short sword of speed
 w - a +2 dagger of holy wrath
 y - a +0 orcbow
 F - a +1 short sword of electrocution
 H - a +5 sling of electrocution
 I - a +0 trident of protection
Missiles
 e - 85 stones
 k - 11 javelins
 v - 7 boomerangs
 A - 5 curare-tipped darts {=F}
 B - 27 poisoned darts
Armour
 o - a +2 buckler (worn)
 t - a +0 kite shield
Jewellery
 g - a +6 ring of strength (left tentacle)
 h - a ring of willpower (right tentacle)
 i - an amulet of magic regeneration
 l - a ring of resist corrosion (on tentacle)
 m - a +4 ring of protection (on tentacle)
 p - a ring of flight (on tentacle)
 r - a +4 ring of slaying (on tentacle)
 x - an amulet of regeneration (around mantle)
 K - an amulet of guardian spirit
Wands
 D - a wand of flame (29)
 E - a wand of paralysis (14)
 G - a wand of roots (7)
Scrolls
 c - 3 scrolls of poison
 n - 7 scrolls of teleportation
 q - a scroll of fog
 s - 2 scrolls of vulnerability
 L - a scroll of identify
Potions
 d - 2 potions of enlightenment
 f - 4 potions of mutation
 j - 2 potions of invisibility
 z - a potion of brilliance
 C - 4 potions of curing
 J - a potion of might


   Skills:
 - Level 1.0 Fighting
 + Level 13.4 Ranged Weapons
 - Level 2.0 Dodging
 - Level 5.0 Shields
 - Level 2.2 Spellcasting
 - Level 8.0 Hexes
 - Level 3.0 Fire Magic
 - Level 8.0 Invocations


You had 4 spell levels left.
You knew the following spells:

 Your Spells              Type           Power      Damage    Failure   Level
b - Sigil of Binding      Hex            34%        N/A       2%          3
c - Inner Flame           Hex/Fire       24%        N/A       6%          3
d - Cause Fear            Hex            17%        N/A       8%          4

Your spell library contained the following spells:

 Spells                   Type           Power      Damage    Failure   Level
 Jinxbite                 Hex            68%        N/A       1%          2
 Apportation              Tloc           4%         N/A       21%         1
 Necrotise                Necr           8%         1d4       21%         1
 Sting                    Conj/Alch      8%         1d3       21%         1
 Summon Small Mammal      Summ           8%         N/A       21%         1
 Lesser Beckoning         Tloc           4%         N/A       30%         2
 Dimensional Bullseye     Hex/Tloc       9%         N/A       36%         4
 Fugue of the Fallen      Necr           2%         N/A       52%         3
 Gell's Gravitas          Tloc           2%         N/A       52%         3
 Ozocubu's Armour         Ice            2%         N/A       52%         3
 Teleport Other           Tloc           2%         N/A       52%         3
 Manifold Assault         Tloc           2%         N/A       89%         4


Dungeon Overview and Level Annotations

Branches:
Dungeon (10/15)            Temple (1/1) D:7            Lair (1/5) D:9
    Orc (0/2) D:10

Altars:
Ashenzari
Cheibriados
Dithmenos
Elyvilon
Fedhas
Gozag
Hepliaklqana
Kikubaaqudgha
Makhleb
Nemelex Xobeh
Okawaru
Qazlal
Ru
Sif Muna
Trog
Uskayaw
Vehumet
Wu Jian
Xom
Yredelemnul
Zin
The Shining One

Shops:
D:7 *

Annotations:
D:4 exclusion: wight
D:5 Prince Ribbit
D:8 Joseph


Innate Abilities, Weirdness & Mutations

You cannot wear most types of armour.
You are amphibious.
You can wear up to eight rings at the same time.
Your skin changes colour to match your surroundings (Stealth+).
Your rubbery body absorbs attacks. (AC +1, EV +1)
((You are camouflaged when in or above water. (Stealth+)))
You have tentacles for arms and can constrict up to eight enemies at once.


Message History

The wolf bites you.
The blink frog blinks!
You block the wolf's attack. The blink frog barely misses you.
Unknown command.
The +12 hand cannon of the Ghost {elec, rCorr} stops crackling.
You hear the crackle of electricity.
b - a +4 falchion of electrocution (weapon)
The wolf barely misses you.
The blink frog blinks!
You closely miss the wolf. You grab the wolf. You squeeze the wolf!
The wolf is almost dead.
You constrict the wolf.
You kill the wolf!
Fedhas appreciates your contribution to the ecosystem.
The blink frog blinks!
The wolf closely misses you.
Training target 8.0 for Invocations reached!
Your Invocations skill increases to level 8!
You miss the wolf. You grab the wolf. You squeeze the wolf.
The wolf is moderately wounded.
You constrict the wolf. The wolf misses you. The wolf barely misses you. x2
You hit the wolf. Lightning courses through the wolf!
You kill the wolf!
Fedhas appreciates your contribution to the ecosystem.
The blink frog blinks!
You block the blink frog's attack.
The blink frog blinks!
The blink frog hits you.
You see here a wolf corpse.
You slash the blink frog!
You kill the blink frog!
Fedhas appreciates your contribution to the ecosystem.
You block the blink frog's attack. The blink frog misses you.
The blink frog hits you but does no damage.
The blink frog hits you. You block the blink frog's attack.
You see here a blink frog corpse.
You slash the blink frog! You grab the blink frog.
The blink frog is severely wounded.
You constrict the blink frog. The blink frog misses you.
The blink frog hits you!
* * * LOW HITPOINT WARNING * * *
The blink frog hits you!
You die...
Fedhas appreciates your contribution to the ecosystem.

# #####
##.#.#P####
#$..@F<†..#
...P.#F#####.#
... ... .
..... #.P....
...#.#.
#.##### #.


You could see 2 blink frogs.

Vanquished Creatures
  A cyclops (D:10)
  2 manticores (D:10)
  A gargoyle (D:10)
  A kobold demonologist (D:10)
  2 komodo dragons (D:8)
  3 trolls
  A hornet (D:9)
  3 blink frogs (Lair:1)
  A shadow (D:10)
  A vampire (D:9)
  10 yaks
  A human (shapeshifter) (D:10)
  4 steam dragons
  A water moccasin (D:5)
  3 ice beasts
  5 orc warriors
  An ogre (D:6)
  4 centaurs
  3 wolves (Lair:1)
  2 phantoms
  3 kobold brigands
  Blork the orc (D:5)
  7 bullfrogs
  A gnoll sergeant (D:9)
  A scorpion (D:6)
  19 wights
  Dowan (D:5)
  2 howler monkeys
  A bombardier beetle (D:4)
  A hound (D:5)
  10 orc priests
  A gnoll bouda (D:4)
  2 jellies
  2 sleepcaps
  3 iguanas
  7 orc wizards
  Robin (D:3)
  7 gnolls
  8 adders
  2 shadow imps
  A white imp (D:8)
  5 dart slugs
  A ribbon worm (D:3)
  31 orcs
  4 endoplasms
  2 giant cockroaches (D:3)
  14 goblins
  6 hobgoblins
  6 quokkas
  6 ball pythons
  7 bats
  17 kobolds
  6 rats
236 creatures vanquished.

Notes
Turn   | Place    | Note
-------+----------+-------------------------------------------
     0 | D:1      | mainiacjoe the Octopode Hexslinger began the quest for the
                  | Orb.
     0 | D:1      | Reached XP level 1. HP: 13/13 MP: 2/2
    83 | D:1      | Reached XP level 2. HP: 13/18 MP: 3/3
   149 | D:1      | Learned a level 2 spell: Jinxbite
   830 | D:2      | Reached XP level 3. HP: 23/23 MP: 4/4
   940 | D:2      | Reached skill level 3 in Ranged Weapons
  1252 | D:2      | Found a faded altar of an unknown god.
  1590 | D:3      | Reached XP level 4. HP: 28/28 MP: 5/5
  1595 | D:3      | Reached skill level 1 in Shields
  1777 | D:3      | Noticed Robin
  1787 | D:3      | Killed Robin
  1878 | D:4      | Reached XP level 5. HP: 33/33 MP: 6/6
  2048 | D:4      | Reached XP level 6. HP: 38/38 MP: 7/7
  2081 | D:4      | Learned a level 3 spell: Sigil of Binding
  2229 | D:4      | Noticed a black bear
  2310 | D:4      | Found a bloodstained altar of Trog.
  2313 | D:4      | Found a sacrificial altar of Ru.
  2577 | D:5      | Entered Level 5 of the Dungeon
  2581 | D:5      | Reached skill level 4 in Ranged Weapons
  2635 | D:5      | Noticed Blork the orc
  2647 | D:5      | Noticed Dowan
  2655 | D:5      | Killed Blork the orc
  2676 | D:5      | Killed Dowan
  2677 | D:5      | Reached XP level 7. HP: 22/43 MP: 8/8
  2783 | D:5      | Reached skill level 5 in Hexes
  2929 | D:5      | Reached skill level 5 in Shields
  2933 | D:5      | Learned a level 3 spell: Inner Flame
  3057 | D:5      | Reached skill level 5 in Ranged Weapons
  3066 | D:5      | Reached XP level 8. HP: 44/48 MP: 9/9
  3109 | D:5      | Noticed Prince Ribbit
  3344 | D:6      | Reached skill level 6 in Ranged Weapons
  3773 | D:6      | Reached skill level 7 in Ranged Weapons
  3773 | D:6      | Reached XP level 9. HP: 53/53 MP: 10/10
  4280 | D:7      | Found a staircase to the Ecumenical Temple.
  4327 | Temple   | Entered the Ecumenical Temple
  4439 | Temple   | Became a worshipper of Fedhas Madash
  4590 | D:7      | Found Maloug's Assorted Antiques.
  4598 | D:7      | Bought a scroll of identify for 64 gold pieces
  4598 | D:7      | Bought a scroll of identify for 64 gold pieces
  4598 | D:7      | Bought a twisted brass wand for 128 gold pieces
  4738 | D:7      | Learned a level 4 spell: Cause Fear
  5165 | D:8      | Reached * piety under Fedhas
  5186 | D:8      | Reached skill level 8 in Ranged Weapons
  5289 | D:8      | Noticed a komodo dragon
  5297 | D:8      | Killed a komodo dragon
  5298 | D:8      | Reached skill level 9 in Ranged Weapons
  5483 | D:8      | Noticed a komodo dragon
  5496 | D:8      | Killed a komodo dragon
  5497 | D:8      | Reached skill level 10 in Ranged Weapons
  5497 | D:8      | Reached XP level 10. HP: 58/58 MP: 7/13
  5970 | D:8      | Reached skill level 11 in Ranged Weapons
  5971 | D:8      | Noticed Joseph
  6116 | D:9      | Reached ** piety under Fedhas
  6280 | D:9      | Reached skill level 1 in Invocations
  6467 | D:9      | Found a staircase to the Lair.
  6742 | D:9      | Identified a scroll of acquirement
  6742 | D:9      | Acquired the +12 hand cannon of the Ghost {elec, rCorr}
  6766 | D:9      | Reached skill level 12 in Ranged Weapons
  6847 | D:9      | Reached skill level 5 in Invocations
  6854 | D:9      | Reached XP level 11. HP: 41/63 MP: 6/15
  7007 | D:9      | Reached *** piety under Fedhas
  7356 | D:10     | Entered Level 10 of the Dungeon
  7391 | D:10     | Found a staircase to the Orcish Mines.
  7401 | D:10     | Found a white marble altar of Elyvilon.
  7682 | D:10     | Noticed a manticore
  7687 | D:10     | Killed a manticore
  7696 | D:10     | Noticed a cyclops
  7703 | D:10     | Killed a cyclops
  7769 | D:10     | Noticed a manticore
  7775 | D:10     | Killed a manticore
  7776 | D:10     | Reached skill level 13 in Ranged Weapons
  8175 | Lair:1   | Entered Level 1 of the Lair of Beasts
  8192 | Lair:1   | Slain by a blink frog

Illustrated notes

Levels and vault maps discovered:
D:1:      saegor_arrival_simple_c, layout_loops_ring, st_stairs_5
D:2:      layout_basic, ebering_ecumenical_altar_sacrificial
D:3:      layout_rooms, hex_intersection, uniq_robin
D:4:      layout_loops_ring, nicolae_overflow_hidden_temple, minmay_checkerbox
D:5:      layout_loops_ring, uniq_blork_the_orc, uniq_prince_ribbit1,
          uniq_duvessa
D:6:      layout_loops_ring
D:7:      layout_rooms, minmay_temple_entry_glass, serial_shops, shop
D:8:      hangedman_cross_stitches, layout_cave_pools, uniq_joseph
D:9:      minmay_spotlight, layout_loops_corners, lair_entry_dummy
D:10:     layout_roguey, elyvilon_altar_4, orc_0_dummy, minmay_diamond_spiral
Temple:   nicolae_temple_bog_church
Lair:1:   layout_loops_ring

Skill      XL: |  1  2  3  4  5  6  7  8  9 10 11 |
---------------+----------------------------------+-----
Ranged Weapons | 3 4 5 7 10 12 13 | 13.4
Shields        | 2 3 4 5 |  5.0
Hexes          | 4 5 7 8 |  8.0
Fire Magic     | 2 3 |  3.0
Spellcasting   | 2 |  2.2
Invocations    | 5 8 |  8.0
Fighting       | |  1.0
Dodging        | |  2.0

Action                     |  1- 3 |  4- 6 |  7- 9 | 10-12 || total
---------------------------+-------+-------+-------+-------++-------
  Melee: Short sword       |       |    11 |    12 |       ||    23
         Constrict         |       |     5 |     4 |     5 ||    14
         Tentacles         |       |     4 |     2 |     3 ||     9
         Punch             |       |     1 |       |       ||     1
         Falchion          |       |       |     2 |    11 ||    13
   Fire: Sling             |    94 |    91 |   207 |   121 ||   513
         Hand cannon       |       |       |       |    90 ||    90
   Cast: Jinxbite          |     5 |     4 |     8 |     1 ||    18
         Sigil of Binding  |       |     2 |    13 |     4 ||    19
         Inner Flame       |       |       |    12 |    19 ||    31
         Cause Fear        |       |       |       |     1 ||     1
  Evoke: Wand              |       |       |       |     1 ||     1
    Use: Scroll            |     6 |     4 |     7 |     7 ||    24
   Stab: Sleeping          |       |     1 |     1 |       ||     2
 Armour: Skin              |    15 |    27 |    48 |    57 ||   147
  Dodge: Dodged            |    22 |    20 |    51 |    45 ||   138
  Block: Buckler           |       |     6 |    24 |    30 ||    60
